 Dungeon Crawl Stone Soup version 0.27-a0-475-g4587593e40 (webtiles) character file.

Game seed: 9583276676022605250

35 Nattfarinn the Sneak (level 3, 0/19 HPs)
             Began as a Kobold Enchanter on Mar 1, 2021.
             Succumbed to an adder's poison
             ... on level 1 of the Dungeon.
             The game lasted 00:03:33 (1660 turns).

Nattfarinn the Sneak (Kobold Enchanter)             Turns: 1660, Time: 00:03:34

Health: 0/19       AC:  2    Str:  5    XL:     3   Next: 52%
Magic:  6/6        EV: 16    Int: 16    God:
Gold:   57         SH:  0    Dex: 16    Spells: 5/6 levels left

rFire    . . .     SeeInvis .   a - +1 dagger
rCold    + . .     Faith    .   (shield restricted)
rNeg     . . .     Spirit   .   b - +0 robe
rPois    .         Reflect  .   (no helmet)
rElec    .         Harm     .   (no cloak)
rCorr    +         Rampage  .   (no gloves)
Will     .....                  (no boots)
Stlth    ++++......             (no amulet)
HPRegen  0.06/turn              c - ring of protection from cold
MPRegen  0.10/turn              i - ring of resist corrosion

@: lethally poisoned (0 -> -7)
A: small, nightstalker 3
a: no special abilities


You were on level 1 of the Dungeon.
You visited 1 branch of the dungeon, and saw 2 of its levels.

You collected 57 gold pieces.

Inventory:

Hand Weapons
 a - a +1 dagger (weapon)
Armour
 b - a +0 robe (worn)
Jewellery
 c - a ring of protection from cold (left hand)
 i - a ring of resist corrosion (right hand)
Scrolls
 g - a scroll of enchant weapon {unknown}
 h - a scroll of fear {unknown}
Potions
 d - a potion of brilliance


   Skills:
 * Level 3.2 Short Blades
 + Level 3.0 Dodging
 + Level 4.5 Stealth
 - Level 2.1 Spellcasting
 - Level 3.0 Hexes


You had 5 spell levels left.
You knew the following spells:

 Your Spells              Type           Power        Failure   Level
a - Corona                Hex            12%          6%          1

Your spell library contained the following spells:

 Spells                   Type           Power        Failure   Level
 Ensorcelled Hibernation  Hex/Ice        12%          17%         2
 Confusing Touch          Hex            11%          19%         3
 Tukima's Dance           Hex            11%          19%         3
 Dazzling Flash           Conj/Hex       12%          32%         3


Dungeon Overview and Level Annotations

Branches:
Dungeon (2/15)

Altars:


Innate Abilities, Weirdness & Mutations

You are small and have problems with some larger weapons.
You are completely attuned to the shadows.


Message History

The adder hisses angrily.
The gnoll completely misses you.
You hit the gnoll but do no damage. The gnoll hits you but does no damage.
You hit the gnoll but do no damage. The gnoll misses you.
You hit the gnoll.
The gnoll is lightly wounded.
You hit the gnoll but do no damage.
The gnoll is lightly wounded.
The gnoll hits you with a +0 club!
As you read the scroll labelled RENKEL CAMARCHA, it crumbles to dust.
It is a scroll of identify.
f - a scroll of blinking The gnoll hits you with a +0 club.
* * * LOW HITPOINT WARNING * * *
Okay, then.
Blink to where?
Press: ? - help, Dir - move target
As you read the scroll of blinking, it crumbles to dust.
The adder closely misses you. The adder completely misses you.
The adder misses you. The adder barely misses you.
The adder closely misses you. The adder misses you.
The adder closely misses you.
There is a stone staircase leading up here.
Okay, then.
The adder closely misses you.
You climb upwards.
There is a stone staircase leading down here.
Unknown command.
The adder barely misses you. The adder bites you.
* * * LOW HITPOINT WARNING * * *
The adder bites you.
* * * LOW HITPOINT WARNING * * *
You are lethally poisoned!
The adder poisons you!
Okay, then.
You die...

#### ...# ...# ...#
...##
....####################
###.............@.S...>#
..###########.########.#
.#.# #.# #.# ##.## #.#
####.## ###.# #.#
###.....# ##.## #.#
#.'...[.# .⌠## #.#
#.#.....## ..# #.#
#........# ..#
#########.###.†......#


You could see an adder.

Vanquished Creatures
  A dart slug (D:1)
  A leopard gecko (D:1)
  2 bats (D:1)
  4 giant cockroaches
  5 hobgoblins
  3 jackals (D:1)
  4 kobolds (D:1)
  A frilled lizard (D:2)
  2 goblins (D:1)
  6 rats (D:1)
29 creatures vanquished.

Notes
Turn   | Place    | Note
-------+----------+-------------------------------------------
     0 | D:1      | Nattfarinn the Kobold Enchanter began the quest for the
                  | Orb.
     0 | D:1      | Reached XP level 1. HP: 10/10 MP: 3/3
   109 | D:1      | Reached XP level 2. HP: 15/15 MP: 5/5
   769 | D:1      | Reached XP level 3. HP: 17/19 MP: 6/6
  1660 | D:1      | Succumbed to an adder's poison

Illustrated notes

Levels and vault maps discovered:
D:1:      amcnicky_arrival_gap_in_the_tavern_cellar, layout_basic
D:2:      layout_basic

Skill      XL: |  1  2  3 |
---------------+----------+-----
Short Blades   | 2 3 |  3.2
Dodging        | 3 |  3.0
Stealth        | |  4.5
Spellcasting   | |  2.1
Hexes          | |  3.0

Action                   || total
-------------------------++-------
Melee: Dagger            ||   106
  Use: Scroll            ||     2
       Potion            ||     2
 Stab: Sleeping          ||    14
Armor: Robe              ||    16
       Skin              ||     4
Dodge: Dodged            ||    78

Table legend: (Time is in decaauts)
 A = Elapsed time spent in this place.
 B = Non-inter-level travel time spent in this place.
 C = Inter-level travel time spent in this place.
 D = Time resting spent in this place.
 E = Time spent auto-exploring this place.
 F = Levels seen in this place.
 G = Mean time per level.
                   A        B        C        D        E       F      G
               +--------+--------+--------+--------+--------+-----+--------+
         Total |   1646 |   1589 |     57 |    758 |    577 |   2 |  823.0 |
       Dungeon |   1646 |   1589 |     57 |    758 |    577 |   2 |  823.0 |
               +--------+--------+--------+--------+--------+-----+--------+

Top non-repeatable levels by time:
     D:1: 1546 daAuts
     D:2: 100 daAuts
